Map: Eternal Empire LE

Players

PtitDrogo

  • Race: Protoss Protoss
  • League: Master
  • Spawn Location: 1:00

Stats - Winner!

  • Race: Protoss Protoss
  • League: Grandmaster
  • Spawn Location: 7:00

Event: NationWars 2019

VOD

Have the link to the VOD?

Description

Time

  • Played on: Dec. 8, 2019, 10:19 a.m.
  • Length: 14:12
Show
View Real Time Build Order
Export as new Build Order

PtitDrogo Protoss 

Build Orders: Phoenix Opening, Zealot Archon 

Get SALT Encoding   

  12  0:00  Probe  
  13  0:12  Probe  
  14  0:17  Pylon  
  14  0:24  Probe  
  15  0:35  Gateway  
  15  0:37  Probe (Chrono Boost)  
  16  0:46  Assimilator, Probe (Chrono Boost)  
  17  0:51  Probe (Chrono Boost)  
  17  0:55  Assimilator  
  18  1:03  Probe (Chrono Boost)  
  19  1:08  Gateway  
  19  1:13  Probe (Chrono Boost)  
  20  1:18  Probe (Chrono Boost)  
  20  1:23  Cybernetics Core  
  21  1:29  Probe  
  22  1:33  Pylon  
  22  1:41  Probe  
  23  1:53  Probe  
  24  2:00  Stalker, Sentry  
  28  2:03  Warp Gate  
  28  2:06  Probe  
  29  2:17  Pylon  
  29  2:19  Pylon  
  29  2:22  Probe  
  30  2:34  Phoenix  
  30  2:36  Sentry  
  33  2:48  Nexus  
  33  2:50  Probe (Chrono Boost)  
  33  2:56  Sentry  
  36  2:59  Probe (Chrono Boost)  
  36  3:05  Robotics Facility, Probe  
  37  3:13  Pylon  
  37  3:18  Probe (Chrono Boost)  
  38  3:30  Probe (Chrono Boost)  
  39  3:34  Forge  
  39  3:36  Probe (Chrono Boost)  
  40  3:44  Probe  
  41  3:51  Adept x2  
  45  4:00  Probe (Chrono Boost)  
  47  4:06  Probe (Chrono Boost)  
  47  4:08  Protoss Ground Weapons Level 1  
  47  4:09  Probe (Chrono Boost)  
  48  4:13  Probe (Chrono Boost)  
  48  4:15  Immortal  
  54  4:19  Probe (Chrono Boost)  
  54  4:25  Pylon  
  54  4:30  Twilight Council  
  54  4:31  Probe (Chrono Boost), Stalker  
  56  4:34  Probe  
  58  4:42  Probe  
  58  4:43  Assimilator  
  59  4:46  Probe  
  59  4:51  Assimilator  
  59  4:52  Stalker  
  62  4:54  Probe, Observer (Chrono Boost)  
  64  5:00  Shield Battery  
  64  5:01  Probe  
  64  5:02  Pylon  
  64  5:06  Probe  
  66  5:07  Charge  
  66  5:10  Pylon  
  66  5:17  Immortal (Chrono Boost)  
  66  5:19  Observer  
  66  5:20  Probe  
  71  5:22  Pylon  
  71  5:31  Probe  
  71  5:32  Gateway  
  71  5:34  Gateway  
  72  5:48  Templar Archives, Gateway  
  72  5:53  Gateway  
  72  5:56  Gateway  
  72  5:58  Gateway  
  72  6:13  Nexus  
  72  6:14  Probe  
  72  6:15  Probe  
  74  6:20  Protoss Ground Weapons Level 2 (Chrono Boost)  
  74  6:26  Probe  
  74  6:29  Probe  
  74  6:33  Nexus  
  74  6:38  Probe  
  75  6:41  Probe  
  75  6:42  Pylon  
  75  6:43  High Templar x4  
  84  6:47  Archon x2  
  84  6:50  Probe  
  84  6:53  Probe  
  86  6:57  Pylon  
  86  6:59  Zealot x2  
  86  7:00  Zealot  
  92  7:01  Zealot  
  92  7:03  Probe  
  92  7:05  Probe  
  96  7:15  Probe  
  97  7:17  Probe  
  97  7:18  Zealot x2, High Templar x2  
  106  7:23  Archon  
  106  7:24  Pylon  
  106  7:27  Probe  
  106  7:29  Probe  
  106  7:35  Shield Battery  
  106  7:39  Probe  
  106  7:42  Probe  
  108  7:44  Zealot x2, High Templar x2  
  108  7:45  Zealot  
  108  7:46  Probe  
  108  7:48  Archon  
  120  7:51  Probe  
  120  7:54  Probe, Zealot x3  
  120  7:56  Pylon  
  127  8:03  Probe  
  126  8:06  Probe  
  121  8:21  Assimilator x2  
  121  8:22  Photon Cannon  
  121  8:25  High Templar x2  
  121  8:26  Zealot x6  
  137  8:27  Observer  
  137  8:28  Pylon, Protoss Ground Weapons Level 3 (Chrono Boost)  
  137  8:31  Archon  
  137  8:34  Photon Cannon  
  137  8:44  Gateway  
  137  8:45  Gateway  
  137  8:46  Warp Prism  
  137  8:47  Gateway  
  139  8:59  High Templar x2  
  139  9:00  Zealot x3  
  149  9:04  Archon  
  149  9:08  Pylon  
  149  9:11  Pylon  
  149  9:16  Nexus  
  149  9:22  Pylon  
  149  9:25  Pylon  
  149  9:28  Stalker x2  
  148  9:40  Pylon, Photon Cannon  
  148  9:41  Pylon  
  148  9:42  High Templar x4  
  148  9:43  Zealot x2  
  159  9:47  Archon x2  
  159  9:58  Zealot x2  
  163  10:01  Zealot x3  
  163  10:03  Zealot  
  163  10:04  Zealot  
  151  10:15  Zealot  
  151  10:16  Zealot x3  
  136  10:24  Zealot x4  
  136  10:25  Zealot x3  
  134  10:32  Immortal (Chrono Boost)  
  134  10:33  Probe  
  117  10:37  Zealot, Robotics Bay  
  117  10:44  Unknown  
  117  10:52  High Templar x7  
  117  10:56  Archon x3  
  131  11:02  Zealot  
  133  11:04  High Templar  
  133  11:09  Archon  
  133  11:12  Protoss Ground Armor Level 1  
  135  11:18  Photon Cannon  
  135  11:20  Zealot x2  
  135  11:24  Disruptor (Chrono Boost)  
  139  11:30  Robotics Facility  
  138  11:37  Zealot x6  
  138  11:38  Zealot x3  
  152  11:44  Zealot x2  
  154  11:52  Disruptor  
  139  12:06  High Templar x3  
  139  12:07  Zealot x5  
  155  12:11  Archon  
  132  12:21  Probe  
  128  12:27  Disruptor (Chrono Boost)  
  131  12:30  Zealot x7  
  131  12:31  Zealot  
  141  12:41  Stalker  
  141  12:43  Disruptor (Chrono Boost)  
  115  12:45  Stalker  
  102  13:00  Disruptor (Chrono Boost)  
Show
View Real Time Build Order
Export as new Build Order

Stats Protoss - Winner!

Build Orders: Phoenix Opening, Zealot Archon 

Get SALT Encoding   

  12  0:00  Probe  
  13  0:12  Probe  
  14  0:17  Pylon  
  14  0:25  Probe (Chrono Boost)  
  15  0:37  Probe (Chrono Boost), Gateway  
  16  0:44  Probe (Chrono Boost)  
  16  0:46  Assimilator  
  17  0:51  Probe  
  17  0:54  Assimilator  
  18  1:03  Probe (Chrono Boost)  
  19  1:08  Gateway  
  19  1:14  Probe (Chrono Boost)  
  20  1:19  Probe (Chrono Boost)  
  20  1:24  Cybernetics Core  
  21  1:29  Probe  
  22  1:34  Pylon  
  22  1:41  Probe  
  23  1:53  Probe  
  24  2:00  Stalker  
  28  2:01  Sentry  
  28  2:02  Warp Gate  
  28  2:06  Probe  
  29  2:12  Pylon  
  29  2:27  Stalker  
  31  2:30  Stalker  
  31  2:34  Phoenix  
  33  2:49  Nexus  
  33  2:54  Probe  
  34  3:01  Sentry x2  
  38  3:06  Pylon  
  38  3:09  Probe  
  39  3:24  Probe (Chrono Boost)  
  40  3:29  Twilight Council  
  40  3:34  Probe (Chrono Boost)  
  41  3:35  Phoenix  
  41  3:39  Probe (Chrono Boost)  
  42  3:50  Probe (Chrono Boost)  
  42  3:54  Stalker x2  
  47  4:00  Blink (Chrono Boost)  
  47  4:01  Probe (Chrono Boost)  
  47  4:02  Probe (Chrono Boost)  
  50  4:12  Probe (Chrono Boost)  
  50  4:13  Probe (Chrono Boost)  
  50  4:17  Probe (Chrono Boost), Pylon  
  51  4:22  Probe  
  53  4:27  Phoenix  
  53  4:29  Probe  
  54  4:33  Stalker  
  54  4:34  Probe, Stalker  
  54  4:37  Pylon  
  59  4:49  Nexus  
  59  4:51  Pylon  
  59  4:58  Stalker x2  
  63  5:03  Probe x2  
  63  5:05  Assimilator  
  63  5:06  Assimilator  
  65  5:12  Forge  
  65  5:15  Probe x2  
  67  5:27  Probe  
  67  5:28  Probe  
  69  5:29  Phoenix  
  69  5:33  Gateway  
  69  5:34  Gateway  
  69  5:36  Protoss Ground Weapons Level 1 (Chrono Boost)  
  69  5:41  Gateway  
  69  5:43  Templar Archives  
  69  5:46  Charge  
  69  5:50  Gateway  
  69  5:53  Probe x2  
  71  6:04  Gateway  
  71  6:05  Gateway  
  71  6:08  Probe x2  
  71  6:09  Probe  
  74  6:20  Probe x2  
  74  6:21  Probe  
  77  6:29  High Templar x2  
  77  6:32  Probe x2, Zealot x2  
  87  6:33  Probe  
  87  6:36  Robotics Facility  
  87  6:38  Zealot, Archon  
  90  6:44  Pylon  
  90  6:45  Pylon  
  90  6:48  Probe x3  
  90  6:50  High Templar  
  93  6:56  Zealot, High Templar  
  93  7:00  Zealot x2  
  101  7:01  Archon  
  101  7:06  Protoss Ground Weapons Level 2 (Chrono Boost)  
  101  7:07  Pylon  
  101  7:08  Pylon, Zealot x3  
  101  7:13  Shield Battery  
  101  7:15  Probe x2  
  109  7:18  Shield Battery  
  109  7:21  Zealot x2  
  113  7:23  Zealot  
  115  7:32  High Templar  
  115  7:34  Zealot x3, High Templar  
  125  7:37  Assimilator x2  
  125  7:38  Observer (Chrono Boost)  
  125  7:42  Archon  
  125  7:43  Probe x3  
  129  7:46  Pylon  
  129  7:47  Pylon  
  129  7:48  Pylon  
  129  7:51  Pylon  
  129  7:52  Warp Prism (Chrono Boost)  
  129  7:57  Probe x2  
  133  8:01  Probe  
  133  8:04  Zealot x3  
  137  8:10  Zealot x2  
  137  8:14  Probe x2  
  137  8:15  Probe  
  139  8:25  High Templar x2  
  139  8:26  Probe x2  
  145  8:30  Archon  
  145  8:34  Robotics Bay  
  145  8:35  Robotics Facility  
  145  8:48  Zealot x6  
  157  8:51  Pylon  
  157  8:52  Pylon  
  157  8:54  Photon Cannon  
  157  9:18  Nexus  
  157  9:19  Colossus (Chrono Boost)  
  157  9:20  Colossus (Chrono Boost)  
  157  9:21  Pylon  
  157  9:22  Protoss Ground Weapons Level 3 (Chrono Boost)  
  169  9:25  Extended Thermal Lance  
  169  9:39  Photon Cannon  
  169  9:46  Pylon  
  167  10:01  Colossus (Chrono Boost)  
  167  10:02  Zealot x6  
  167  10:04  Colossus (Chrono Boost)  
  181  10:16  High Templar x2  
  181  10:20  Archon  
  181  10:23  Zealot x6  
  145  10:47  Probe x4  
  145  10:49  High Templar x4  
  155  10:50  Zealot x4  
  155  10:53  Archon x2  
  163  10:57  Gateway  
  163  10:58  Gateway  
  163  10:59  Probe x2  
  163  11:00  Probe x2  
  167  11:10  Zealot x2  
  167  11:11  Probe, High Templar x2  
  175  11:12  Probe x3  
  175  11:15  Archon  
  178  11:25  Zealot x4  
  186  11:26  Observer x2  
  186  11:30  Dark Shrine  
  180  11:53  High Templar x4  
  176  11:55  Zealot x6  
  176  11:58  Archon x2  
  178  12:05  Photon Cannon  
  172  12:16  Stalker x4  
  172  12:20  Nexus  
  169  12:37  Nexus  
  168  12:39  Pylon  
  136  13:24  Observer  
  111  13:42  Pylon  
  111  13:43  Pylon  
  111  13:44  Pylon  
  111  13:45  Pylon  
  111  13:46  Pylon  
Tags
 
Add a new tag
Caveats
  • Supply blocks, unpowered buildings, or Contaminate may cause inaccurate times.
  • Supply counts are checked every 10 seconds.